[Event "Titled Tuesday Blitz July 18 Late 2023"]
[White "Leenhouts, Koen"]
[Black "BrandonJiang123456"]
[WhiteFideId "1008439"]
[WhiteElo "2518"]
[BlackElo "2276"]
[Result "1/2-1/2"]
[Round "3"]
[TimeControl "180+2"]
[Date "2023.07.18"]
[WhiteClock "0:00:08"]
[BlackClock "0:00:07"]
[Board "128"]

1. e4 e5 2. Nf3 Nc6 3. Bb5 f5 4. d3 fxe4 5. dxe4 Nf6 6. Nc3 Bc5 7. Qd3 d6 8. Bg5 a6 9. Bc4 Bd7 10. a3 h6 11. Be3 Bxe3 12. Qxe3 Qe7 13. Nh4 Ng4 14. Qg3 Nd4 15. O-O Qg5 16. h3 Nf6 17. Ng6 Rh7 18. Rac1 Nh5 19. Qxg5 hxg5 20. Nd5 O-O-O 21. c3 Ne6 22. Nge7+ Kb8 23. Nf5 Nhf4 24. Nxf4 gxf4 25. Rfd1 Nc5 26. f3 g6 27. b4 Na4 28. Nxd6 cxd6 29. Rxd6 Kc7 30. Rxg6 Nb6 31. Bb3 Ba4 32. Be6 Rd6 33. c4 Bd7 34. Bf5 Rxg6 35. Bxg6 Rg7 36. Bf5 Bxf5 37. exf5 Rf7 38. c5 Nd5 39. Rd1 Kc6 40. h4 Rxf5 41. Kh2 a5 42. Rb1 axb4 43. axb4 Kb5 44. Kh3 Ne3 45. Ra1 Rf7 46. Rb1 Rg7 47. Rb2 Kc4 48. h5 Rg5 49. Kh4 Rxg2 50. Rxg2 Nxg2+ 51. Kg5 Ne3 52. h6 Nd5 53. h7 Kxb4 54. h8=Q Kxc5 55. Qxe5 Kc6 56. Qe6+ Kc5 57. Qe5 b5 58. Qb2 b4 59. Kf5 Kc4 60. Ke5 Nc3 61. Qc2 b3 62. Qf5 b2 63. Qxf4+ Kb3 64. Qf7+ Kc2 65. Qh7+ Kb3 66. Qf7+ Kc2 67. Qf5+ Kb3 68. Qe6+ Kc2 69. Qf5+ Kb3 70. f4 b1=Q 71. Qxb1+ Nxb1 72. f5 Nd2 73. f6 Nf3+ 74. Kf5 Nd4+ 75. Ke5 Nf3+ 76. Kf4 Nd4 77. f7 Ne6+ 78. Ke5 Nf8 79. Kd6 Ng6 80. Ke6 Nf8+ 81. Ke7 Ng6+ 82. Kf6 Nf8 83. Kg7 Nd7 84. Kg6 Nf8+ 85. Kf5 Nd7 86. Ke6 Nf8+ 87. Kd6 Ng6 88. Ke6 Nf8+ 1/2-1/2


[Site "https://www.chess.com"]

[Event "Titled Tuesday Blitz July 18 Late 2023"]
[White "SicilianPanzer"]
[Black "Chor, Kevin"]
[BlackFideId "2090740"]
[WhiteElo "2276"]
[BlackElo "2516"]
[Result "1-0"]
[Round "3"]
[TimeControl "180+2"]
[Date "2023.07.18"]
[WhiteClock "0:00:06"]
[BlackClock "0:00:19"]
[Board "129"]

1. e4 c5 2. Nf3 Nc6 3. Bb5 Qb6 4. Nc3 e6 5. O-O Nge7 6. Re1 a6 7. Bf1 Ng6 8. b3 Be7 9. Bb2 O-O 10. d4 cxd4 11. Na4 Qc7 12. Nxd4 b5 13. Nc3 Nxd4 14. Qxd4 Bf6 15. Qd2 Bb7 16. Nd1 Bxb2 17. Nxb2 d5 18. exd5 Bxd5 19. c4 bxc4 20. Nxc4 Rfd8 21. Qg5 h6 22. Qe3 Rab8 23. Rac1 Qe7 24. Nb6 Bb7 25. Rc2 Nh4 26. Na4 Nf5 27. Qe5 Rbc8 28. Rec1 Rxc2 29. Rxc2 Rd5 30. Qb8+ Kh7 31. Rc7 Rd7 32. Rxd7 Qxd7 33. Nc5 Qd1 34. Qxb7 Nd4 35. Qxa6 Qc1 36. Qd3+ Nf5 37. Ne4 Kg8 38. Ng3 Nh4 39. h3 Qb2 40. Qd8+ Kh7 41. Qxh4 Qxa2 42. Qe4+ g6 43. b4 Qb2 44. b5 h5 45. Qf4 Kg7 46. Ne4 Qd4 47. Qf6+ Qxf6 48. Nxf6 Kxf6 49. b6 Ke7 50. b7 Kf6 51. b8=Q Kg5 52. Qd8+ f6 53. h4+ Kxh4 54. Qxf6+ g5 55. g3+ Kg4 56. Be2+ Kh3 57. Qxe6+ g4 58. Qf6 h4 59. Qxh4# 1-0


[Site "https://www.chess.com"]

[Event "Titled Tuesday Blitz July 18 Late 2023"]
[White "Philippe, Guillaume"]
[Black "Chemin, Justo Reinaldo"]
[WhiteFideId "36048763"]
[BlackFideId "2101580"]
[WhiteElo "2516"]
[BlackElo "2272"]
[Result "1-0"]
[Round "3"]
[TimeControl "180+2"]
[Date "2023.07.18"]
[WhiteClock "0:01:32"]
[BlackClock "0:00:33"]
[Board "130"]

1. d4 e6 2. c4 d5 3. Nc3 c6 4. cxd5 exd5 5. e4 dxe4 6. Nxe4 Bb4+ 7. Nc3 Nf6 8. Nf3 O-O 9. Be2 Re8 10. O-O Nbd7 11. Bg5 h6 12. Bh4 Be7 13. Ne5 Nxe5 14. dxe5 Nd5 15. Bxe7 Rxe7 16. Nxd5 cxd5 17. f4 Bf5 18. Kh1 Rc8 19. Bd3 Bxd3 20. Qxd3 Qa5 21. Rae1 Rce8 22. a3 a6 23. b4 Qb5 24. Qxb5 axb5 25. Rd1 Rd7 26. Rd4 Kf8 27. Rfd1 Red8 28. g4 Ke7 29. f5 f6 30. e6 Rd6 31. h4 h5 32. g5 fxg5 33. hxg5 g6 34. f6+ Kxe6 35. Kg2 Kf5 36. f7 Ke6 37. Rf4 Rf8 38. Rc1 Rxf7 39. Re1+ Kd7 40. Rxf7+ Kc6 41. Rf6 d4 42. Kf3 d3 43. Rxd6+ 1-0


[Site "https://www.chess.com"]

[Event "Titled Tuesday Blitz July 18 Late 2023"]
[White "Kanyamarala, Tarun"]
[Black "Bartel, Marta"]
[WhiteFideId "45004714"]
[BlackFideId "1123009"]
[WhiteElo "2515"]
[BlackElo "2272"]
[Result "1-0"]
[Round "3"]
[TimeControl "180+2"]
[Date "2023.07.18"]
[WhiteClock "0:00:17"]
[BlackClock "0:00:04"]
[Board "131"]

1. d4 Nf6 2. Nf3 g6 3. c4 Bg7 4. e3 O-O 5. Be2 d5 6. cxd5 Nxd5 7. e4 Nb6 8. O-O Nc6 9. Be3 Bg4 10. Nbd2 Qd7 11. h3 Bxf3 12. Nxf3 a5 13. Bb5 Qd6 14. a3 Rfd8 15. e5 Qd5 16. Qe2 a4 17. Rac1 Na5 18. Rxc7 Bf8 19. Bd3 Rac8 20. Rxc8 Rxc8 21. h4 Qb3 22. h5 Nd5 23. Ng5 Bg7 24. e6 f6 25. Nxh7 Kxh7 26. Bxg6+ Kg8 27. h6 Bf8 28. Qg4 Nxe3 29. Bf7+ 1-0


[Site "https://www.chess.com"]

[Event "Titled Tuesday Blitz July 18 Late 2023"]
[White "Sarkar, Justin"]
[Black "Balague Camps, Marc"]
[WhiteFideId "2010011"]
[BlackFideId "2297914"]
[WhiteElo "2245"]
[BlackElo "2514"]
[Result "0-1"]
[Round "3"]
[TimeControl "180+2"]
[Date "2023.07.18"]
[WhiteClock "0:00:00"]
[BlackClock "0:01:52"]
[Board "132"]

1. e4 c5 2. Nf3 e6 3. d4 cxd4 4. Nxd4 Nc6 5. Nc3 Qc7 6. Qd3 Nxd4 7. Qxd4 a6 8. f4 b5 9. Be3 Bb7 10. Bd3 Nf6 11. a3 Rc8 12. h3 Bc5 13. Qxc5 Qxc5 14. Bxc5 Rxc5 15. g4 Ke7 16. Kd2 d6 17. Rhe1 Rhc8 18. g5 Nd7 19. h4 Nb6 20. Re3 Nc4+ 21. Bxc4 Rxc4 22. b3 Rd4+ 23. Rd3 Rxd3+ 24. cxd3 d5 25. b4 dxe4 26. dxe4 Rc4 27. Kd3 Rc7 0-1


[Site "https://www.chess.com"]

[Event "Titled Tuesday Blitz July 18 Late 2023"]
[White "Urbina Perez, Juan Antonio"]
[Black "Thiel, Thomas"]
[WhiteFideId "2217368"]
[BlackFideId "4615964"]
[WhiteElo "2512"]
[BlackElo "2255"]
[Result "1-0"]
[Round "3"]
[TimeControl "180+2"]
[Date "2023.07.18"]
[WhiteClock "0:01:07"]
[BlackClock "0:01:23"]
[Board "133"]

1. e4 d5 2. exd5 Nf6 3. d4 Nxd5 4. c4 Nb6 5. c5 Nd5 6. Nc3 g6 7. Bc4 Nxc3 8. bxc3 Bg7 9. Nf3 O-O 10. O-O Nc6 11. h3 Na5 12. Be2 b6 13. Ba3 Re8 14. Re1 Bb7 15. Bb5 Bc6 16. Bxc6 Nxc6 17. Rc1 e6 18. Qa4 Qd7 19. Rcd1 Rad8 20. Qc2 Qd5 21. c4 Qf5 22. Qxf5 gxf5 23. d5 Na5 24. cxb6 axb6 25. dxe6 fxe6 26. c5 Nc4 27. Bb4 Kf7 28. Rxd8 Rxd8 29. Ng5+ Kf6 30. Nxe6 Ra8 31. Bc3+ Kf7 32. Nxg7 Rxa2 33. cxb6 cxb6 34. Nxf5 1-0


[Site "https://www.chess.com"]

[Event "Titled Tuesday Blitz July 18 Late 2023"]
[White "Kalaiyalahan, Akshaya"]
[Black "Hnydiuk, Aleksander"]
[WhiteFideId "422894"]
[BlackFideId "1109057"]
[WhiteElo "2241"]
[BlackElo "2511"]
[Result "0-1"]
[Round "3"]
[TimeControl "180+2"]
[Date "2023.07.18"]
[WhiteClock "0:00:47"]
[BlackClock "0:01:54"]
[Board "134"]

1. e4 e6 2. d4 d5 3. exd5 exd5 4. Nf3 Be7 5. Bd3 Bg4 6. c3 Nf6 7. O-O O-O 8. Nbd2 Nbd7 9. h3 Bh5 10. Re1 Re8 11. Qb3 Rb8 12. Ne5 Bd6 13. f4 Bg6 14. f5 Bxe5 15. dxe5 Nxe5 16. Bc2 Bh5 17. g4 Nfxg4 18. hxg4 Qh4 19. Rf1 Qg3+ 20. Kh1 Nxg4 21. Nf3 Re1 22. Bf4 Nf2# 0-1


[Site "https://www.chess.com"]

[Event "Titled Tuesday Blitz July 18 Late 2023"]
[White "Erzhanov, Arman"]
[Black "disciplinedbrat"]
[WhiteFideId "4138821"]
[WhiteElo "2508"]
[BlackElo "2227"]
[Result "0-1"]
[Round "3"]
[TimeControl "180+2"]
[Date "2023.07.18"]
[WhiteClock "0:00:00"]
[BlackClock "0:00:40"]
[Board "135"]

1. e4 g6 2. d4 Bg7 3. Nc3 d6 4. h3 Nd7 5. g4 a6 6. a4 b5 7. axb5 a5 8. Bg2 Bb7 9. Nge2 Ngf6 10. O-O O-O 11. Ng3 e5 12. Be3 Re8 13. f4 Qb8 14. g5 exd4 15. gxf6 Bxf6 16. Bxd4 Bh4 17. Qg4 Bf6 18. Bxf6 Qa7+ 19. Kh2 Nxf6 20. Qg5 Nd7 21. f5 Qd4 22. fxg6 hxg6 23. Rad1 Qg7 24. Rf4 Re5 25. Qg4 Nf6 26. Qf3 Nh7 27. h4 Rae8 28. Rf1 R8e7 29. Rg4 Bc8 30. Nf5 Bxf5 31. exf5 Nf6 32. Ra4 Rxf5 33. Qa8+ Re8 34. Qc6 Rxf1 35. Bxf1 Qh6 36. Qg2 d5 37. Qg5 Qg7 38. Bg2 d4 39. Rxd4 Nh5 40. Rd8 Rxd8 41. Qxd8+ Kh7 42. Qg5 Qd4 43. Ne4 f6 44. Qd2 Qe5+ 45. Kg1 Qxb2 46. Qd7+ Kh6 47. Qd2+ Kh7 48. Qc3 Qc1+ 49. Bf1 Qf4 50. Bg2 a4 51. Qf3 a3 52. Qxf4 Nxf4 53. Nc3 Ne2+ 54. Nxe2 a2 55. Be4 a1=Q+ 56. Kf2 Qe5 57. Bd3 Qh2+ 58. Kf3 Qxh4 59. Nf4 f5 60. Ne6 Qg4+ 61. Ke3 Kh6 62. Nd4 Qg3+ 63. Ke2 f4 64. Nf3 Qg2+ 0-1


[Site "https://www.chess.com"]

[Event "Titled Tuesday Blitz July 18 Late 2023"]
[White "Vila Dupla, Aurelio"]
[Black "Richter, Paul"]
[WhiteFideId "2203383"]
[BlackFideId "2046350"]
[WhiteElo "2227"]
[BlackElo "2507"]
[Result "0-1"]
[Round "3"]
[TimeControl "180+2"]
[Date "2023.07.18"]
[WhiteClock "0:00:05"]
[BlackClock "0:00:53"]
[Board "136"]

1. Nf3 Nf6 2. d4 g6 3. g3 Bg7 4. Bg2 O-O 5. O-O d6 6. c4 Nbd7 7. Nc3 e5 8. h3 exd4 9. Nxd4 Re8 10. e4 a6 11. Be3 Rb8 12. Re1 Ne5 13. b3 c5 14. Nc2 b5 15. cxb5 axb5 16. Rc1 b4 17. Nd5 Nxd5 18. exd5 Ra8 19. Ra1 Ba6 20. Qd2 Bb5 21. Bh6 Bxh6 22. Qxh6 Qf6 23. Qf4 Qxf4 24. gxf4 Nd7 25. Rxe8+ Rxe8 26. Ne3 Ra8 27. Bf1 Bxf1 28. Kxf1 Nb6 29. f5 g5 30. Ke2 Kg7 31. Kd3 h5 32. Rg1 Kf6 33. Ra1 Ke5 34. Nc4+ Nxc4 35. Kxc4 Kxf5 36. Kb5 Ke5 37. Kc6 Rc8+ 38. Kd7 Ra8 39. Kc6 Rc8+ 40. Kd7 Rg8 41. a4 bxa3 42. Rxa3 Kxd5 43. Ra6 Rg6 44. Ke7 Ke5 45. Kxf7 Rf6+ 46. Kg7 Rxf2 47. Kg6 g4 48. hxg4 hxg4 49. Ra4 g3 50. Rg4 g2 51. Kh5 d5 52. Kg5 d4 53. Kg6 d3 0-1


[Site "https://www.chess.com"]

[Event "Titled Tuesday Blitz July 18 Late 2023"]
[White "Guliev, Logman"]
[Black "Joubert, Dantelle"]
[WhiteFideId "13400061"]
[BlackFideId "14310813"]
[WhiteElo "2507"]
[BlackElo "2070"]
[Result "1-0"]
[Round "3"]
[TimeControl "180+2"]
[Date "2023.07.18"]
[WhiteClock "0:00:54"]
[BlackClock "0:00:00"]
[Board "137"]

1. d4 d5 2. c4 e6 3. Nc3 Nf6 4. Nf3 Nbd7 5. cxd5 exd5 6. Bg5 Be7 7. e3 c6 8. Bd3 Nf8 9. Qc2 Ne6 10. Bh4 g6 11. O-O Ng7 12. Ne5 O-O 13. b4 Bxb4 14. Rab1 Be7 15. Rfc1 Nf5 16. Bg3 Nxg3 17. hxg3 Re8 18. Na4 Ba3 19. Re1 Bd6 20. f4 Nd7 21. Kf2 Qe7 22. Qd2 Nf6 23. Kg1 Ne4 24. Bxe4 dxe4 25. Rec1 f6 26. Nc4 Ba3 27. Rd1 Bd6 28. Nxd6 Qxd6 29. Nc5 b6 30. Nb3 Bb7 31. Rbc1 Rad8 32. Qe2 a5 33. Rb1 a4 34. Nc5 bxc5 35. Rxb7 cxd4 36. Rxd4 Qc5 37. Rc4 Qa3 38. Rxc6 Rd3 39. Rcc7 1-0


[Site "https://www.chess.com"]

[Event "Titled Tuesday Blitz July 18 Late 2023"]
[White "Piekarski, Atila Balzer"]
[Black "Kisic, Bozidar"]
[WhiteFideId "2119552"]
[BlackFideId "16500350"]
[WhiteElo "2063"]
[BlackElo "2507"]
[Result "0-1"]
[Round "3"]
[TimeControl "180+2"]
[Date "2023.07.18"]
[WhiteClock "0:00:13"]
[BlackClock "0:00:15"]
[Board "138"]

1. d4 d5 2. c4 Nc6 3. Nf3 Bg4 4. e3 e5 5. dxe5 Nxe5 6. Be2 Bxf3 7. gxf3 dxc4 8. Nd2 Qd5 9. Nxc4 Bb4+ 10. Bd2 Bxd2+ 11. Qxd2 Nxf3+ 12. Bxf3 Qxf3 13. Rg1 Nf6 14. Ne5 Qh5 15. Qd4 Rd8 16. Qf4 O-O 17. Qxf6 g6 18. Ng4 Rd5 19. Qf4 f5 20. Qc4 fxg4 21. Rxg4 Kh8 22. Re4 Qf5 23. Qc3+ Qf6 24. Rf4 Qxc3+ 25. bxc3 Rxf4 26. exf4 Rf5 27. Ke2 b6 28. Rd1 Rxf4 29. Rd7 Rc4 30. Kd2 Rc6 31. Rd8+ Kg7 32. Ra8 a5 33. Rd8 h5 34. Kc2 Kf6 35. Rd7 Kg5 36. a4 Kh4 37. Rd3 Kg4 38. h3+ Kg5 39. Rg3+ Kh6 40. h4 Rf6 41. Rh3 Rxf2+ 42. Kb3 Rf4 43. Rh1 Kg7 44. Rh2 Kf6 45. Rh1 Ke6 46. Rh2 Kf6 47. Rh1 Rf5 48. Rh2 g5 49. hxg5+ Rxg5 50. Rh1 Kg6 51. Rd1 Rf5 52. Rd7 Rf7 53. Rd5 h4 54. Rd3 Rh7 55. Rh3 Kg5 56. c4 Kg4 57. Rh1 h3 0-1


[Site "https://www.chess.com"]

[Event "Titled Tuesday Blitz July 18 Late 2023"]
[White "Navyblue1"]
[Black "Seletsky, Grigory"]
[BlackFideId "14112191"]
[WhiteElo "1860"]
[BlackElo "2504"]
[Result "0-1"]
[Round "3"]
[TimeControl "180+2"]
[Date "2023.07.18"]
[WhiteClock "0:00:00"]
[BlackClock "0:01:03"]
[Board "139"]

1. d4 c5 2. d5 e5 3. dxe6 fxe6 4. c4 Nf6 5. Nc3 d5 6. cxd5 exd5 7. e3 Nc6 8. Bb5 a6 9. Bxc6+ bxc6 10. Nge2 Bd6 11. Qa4 Bd7 12. Qh4 O-O 13. O-O c4 14. h3 a5 15. Rd1 Qe7 16. Bd2 a4 17. Be1 Qe5 18. Ng3 Rfb8 19. Rab1 a3 20. bxa3 Bxa3 21. Qd4 Qxd4 22. Rxd4 Rxb1 23. Nxb1 Bb2 24. Rd2 Rxa2 25. Rc2 c5 26. Nc3 Bxc3 27. Rxa2 Bxe1 28. Kf1 Bb4 29. f3 c3 30. Ne2 Bb5 31. Kf2 Nd7 32. Ra8+ Kf7 33. Ra7 c2 0-1


[Site "https://www.chess.com"]

[Event "Titled Tuesday Blitz July 18 Late 2023"]
[White "Burke, Paul"]
[Black "Hajiyev, Kanan"]
[WhiteFideId "2605767"]
[BlackFideId "13404148"]
[WhiteElo "1993"]
[BlackElo "2555"]
[Result "0-1"]
[Round "3"]
[TimeControl "180+2"]
[Date "2023.07.18"]
[WhiteClock "0:00:14"]
[BlackClock "0:00:58"]
[Board "140"]

1. e4 c6 2. d4 d5 3. exd5 cxd5 4. c4 e6 5. Nc3 Nf6 6. Nf3 Bb4 7. Be2 O-O 8. O-O dxc4 9. Bxc4 Nc6 10. Bg5 h6 11. Bxf6 Qxf6 12. a3 Bd6 13. Ne4 Qf4 14. Nxd6 Qxd6 15. d5 exd5 16. Qxd5 Qc7 17. Rac1 Be6 18. Qd3 Rad8 19. Qc2 Bg4 20. Be2 Rfe8 21. Rfe1 Qf4 22. h3 Bxf3 23. Bxf3 Nd4 24. Rxe8+ Rxe8 25. Qd1 Nxf3+ 26. gxf3 Re6 27. Rc8+ Kh7 28. Qd3+ Rg6+ 29. Kf1 Qh2 30. Qf5 Qd6 31. Rc2 Qd1# 0-1


[Site "https://www.chess.com"]

[Event "Titled Tuesday Blitz July 18 Late 2023"]
[White "Altman, Joshua"]
[Black "Mikhalsky, Vladimir"]
[WhiteFideId "426210"]
[BlackFideId "14144352"]
[WhiteElo "2551"]
[BlackElo "2410"]
[Result "1-0"]
[Round "3"]
[TimeControl "180+2"]
[Date "2023.07.18"]
[WhiteClock "0:00:56"]
[BlackClock "0:01:11"]
[Board "141"]

1. e4 g6 2. h4 d5 3. exd5 Nf6 4. Nf3 Bg4 5. Nc3 Nxd5 6. Bc4 Nxc3 7. bxc3 e6 8. d4 Bg7 9. Bg5 Qd6 10. O-O Qc6 11. Qd3 a6 12. Ne5 Bxe5 13. dxe5 Nd7 14. Qd4 h6 15. Bc1 h5 16. Ba3 b5 17. Bd3 Bf5 18. Be2 Bg4 19. Bxg4 hxg4 20. Qxg4 Nxe5 21. Qg5 Rh5 22. Qe7# 1-0


[Site "https://www.chess.com"]

[Event "Titled Tuesday Blitz July 18 Late 2023"]
[White "Rottenwohrer Suarez, Juan"]
[Black "Tarasova, Viktoriya"]
[WhiteFideId "32068182"]
[BlackFideId "4175840"]
[WhiteElo "2533"]
[BlackElo "2364"]
[Result "0-1"]
[Round "3"]
[TimeControl "180+2"]
[Date "2023.07.18"]
[WhiteClock "0:00:10"]
[BlackClock "0:00:13"]
[Board "142"]

1. d4 Nf6 2. Bf4 d5 3. Nf3 e6 4. e3 c5 5. Bb5+ Nc6 6. O-O Bd6 7. dxc5 Bxc5 8. c4 O-O 9. Nc3 dxc4 10. Bxc6 bxc6 11. Qa4 Qb6 12. Ne5 Qxb2 13. Qxc4 Qb4 14. Qxb4 Bxb4 15. Na4 Ba6 16. Rfc1 Bb5 17. Nxc6 Ba3 18. Rc3 Bxa4 19. Nd4 Bb2 20. Rc4 Bxa1 21. Rxa4 Bxd4 22. exd4 Nd5 23. Bd6 Rfc8 24. Bc5 a6 25. g3 e5 26. Kg2 exd4 27. Bxd4 h6 28. h4 Rd8 29. Be5 Ne7 30. Bc3 Rd3 31. Be5 Nc6 32. Ba1 Rd1 33. Bc3 Rc1 34. Bb2 Rc2 35. Ba1 a5 36. Rg4 g6 37. h5 g5 38. Bf6 Rxa2 39. Rc4 Rc8 40. Rc5 a4 41. Rc4 a3 42. Rc3 Na7 43. Rb3 Kf8 44. Rb7 Nc6 45. Rb6 Rc2 46. Ra6 a2 47. Kh3 Rxf2 48. Kg4 Rxf6 49. Rxa2 Ne5+ 50. Kh3 Kg7 51. Rb2 g4+ 52. Kg2 Rf3 53. Re2 f6 54. Rd2 Rcc3 55. Re2 Rxg3+ 56. Kh2 Rh3+ 57. Kg2 Rcg3+ 58. Kf1 Rh1+ 59. Kf2 Rh2+ 60. Kxg3 Rxe2 61. Kh4 f5 62. Kg3 Kf6 63. Kf4 Rf2+ 64. Kg3 Rf3+ 65. Kh4 Rh3# 0-1


[Site "https://www.chess.com"]

[Event "Titled Tuesday Blitz July 18 Late 2023"]
[White "ATM622"]
[Black "Schuster, Karsten"]
[BlackFideId "4611071"]
[WhiteElo "2517"]
[BlackElo "2327"]
[Result "0-1"]
[Round "3"]
[TimeControl "180+2"]
[Date "2023.07.18"]
[WhiteClock "0:00:01"]
[BlackClock "0:00:32"]
[Board "143"]

1. d4 d5 2. c4 e6 3. Nf3 Nf6 4. Nbd2 Be7 5. g3 O-O 6. Bg2 c6 7. O-O Nbd7 8. Qc2 b6 9. e4 dxe4 10. Nxe4 Nxe4 11. Qxe4 Bb7 12. h4 Nf6 13. Qc2 c5 14. dxc5 Bxc5 15. Bg5 h6 16. Rad1 Qe7 17. Bf4 Rfd8 18. Ne5 Bxg2 19. Kxg2 Qb7+ 20. Kg1 Nh5 21. Be3 Bxe3 22. fxe3 Nxg3 23. Rf3 Nf5 24. Rdf1 f6 25. Ng6 Qd7 26. Qe4 Rac8 27. Qg4 Kh7 28. h5 Qd2 29. Rxf5 exf5 30. Qxf5 Qxe3+ 31. Kh1 Kg8 32. b3 Re8 33. Qd5+ Kh7 34. Qf7 Qh3+ 35. Kg1 Qg4+ 36. Kf2 Re2# 0-1


[Site "https://www.chess.com"]

[Event "Titled Tuesday Blitz July 18 Late 2023"]
[White "KorolDimitriy75"]
[Black "D`Arruda, Ricardo D."]
[BlackFideId "100692"]
[WhiteElo "2415"]
[BlackElo "2510"]
[Result "0-1"]
[Round "3"]
[TimeControl "180+2"]
[Date "2023.07.18"]
[WhiteClock "0:00:00"]
[BlackClock "0:01:35"]
[Board "144"]

1. d4 Nf6 2. c4 e5 3. dxe5 Ne4 4. Nd2 Nc5 5. Ngf3 Nc6 6. e3 d6 7. exd6 Bxd6 8. Be2 Bf5 9. O-O Qf6 10. Nb3 O-O-O 11. Nbd4 Be4 12. Bd2 Rhe8 13. Bc3 Qh6 14. g3 Ne5 15. Nxe5 Bxe5 16. f4 Bf6 17. b4 Ne6 18. Qd2 c5 19. bxc5 Nxc5 20. Rad1 Qh3 21. Rf2 h5 22. Bf1 Qg4 23. Be2 Qg6 24. Bf3 h4 25. Kg2 hxg3 26. hxg3 Bh4 0-1


[Site "https://www.chess.com"]

[Event "Titled Tuesday Blitz July 18 Late 2023"]
[White "Shapiro, Viktor"]
[Black "Herbst, Richard"]
[WhiteFideId "4175700"]
[BlackFideId "2041251"]
[WhiteElo "2489"]
[BlackElo "2321"]
[Result "1-0"]
[Round "3"]
[TimeControl "180+2"]
[Date "2023.07.18"]
[WhiteClock "0:01:23"]
[BlackClock "0:01:43"]
[Board "145"]

1. c4 c6 2. Nc3 d5 3. d4 Nf6 4. Nf3 e6 5. Bg5 h6 6. Bh4 g5 7. Bg3 dxc4 8. a4 Bb4 9. e3 b5 10. Nd2 Bxc3 11. bxc3 a6 12. h4 Rg8 13. hxg5 hxg5 14. Rb1 Nbd7 15. Bxc4 bxc4 16. Nxc4 Ne4 17. Qf3 Nxg3 18. Qxg3 Nf6 19. Ne5 Bd7 20. Qf3 Rb8 21. Rxb8 Qxb8 22. Qxf6 Qb1+ 23. Ke2 Qxh1 24. Qxf7+ Kd8 25. Qxd7# 1-0


[Site "https://www.chess.com"]

[Event "Titled Tuesday Blitz July 18 Late 2023"]
[White "Barwinska, Ewa"]
[Black "Jovic, Stanoje"]
[WhiteFideId "21833761"]
[BlackFideId "905020"]
[WhiteElo "2305"]
[BlackElo "2485"]
[Result "0-1"]
[Round "3"]
[TimeControl "180+2"]
[Date "2023.07.18"]
[WhiteClock "0:00:24"]
[BlackClock "0:01:13"]
[Board "146"]

1. e4 c6 2. d4 d5 3. e5 c5 4. dxc5 e6 5. b4 a5 6. c3 f6 7. Nf3 axb4 8. cxb4 b6 9. Bb5+ Bd7 10. Bxd7+ Nxd7 11. c6 Bxb4+ 12. Bd2 Bxd2+ 13. Nbxd2 Nc5 14. O-O Qc7 15. exf6 Nxf6 16. Nd4 e5 17. Nf5 Kf7 18. Nf3 Rhe8 19. Ng5+ Kg8 20. Ng3 Qxc6 21. f4 e4 22. Nh5 Nd3 23. Nxf6+ Qxf6 24. Qh5 Qd4+ 25. Kh1 Nf2+ 0-1


[Site "https://www.chess.com"]

[Event "Titled Tuesday Blitz July 18 Late 2023"]
[White "kiwibobo"]
[Black "Liu, Casper"]
[BlackFideId "1454153"]
[WhiteElo "2314"]
[BlackElo "2468"]
[Result "1-0"]
[Round "3"]
[TimeControl "180+2"]
[Date "2023.07.18"]
[WhiteClock "0:01:33"]
[BlackClock "0:01:43"]
[Board "147"]

1. e4 c5 2. Nf3 d6 3. d4 cxd4 4. Nxd4 Nf6 5. Nc3 Nc6 6. Be2 e5 7. Nf3 Be7 8. Bg5 Be6 9. O-O O-O 10. Bxf6 Bxf6 11. Nd5 Rc8 12. c3 Be7 13. Qd3 f5 14. Rad1 Kh8 15. Nxe7 Nxe7 16. Qxd6 Qxd6 17. Rxd6 fxe4 18. Rxe6 exf3 19. Bxf3 Ng6 20. Rd1 Rcd8 21. Rxd8 Rxd8 22. g3 b6 23. Be4 Kg8 24. Bxg6 hxg6 25. Rxe5 Rd2 26. Rb5 g5 27. h3 Kf7 28. a4 Kf6 29. a5 bxa5 30. Rxa5 Rxb2 31. Rxa7 Rc2 32. Rc7 Kg6 33. Kg2 Kf6 34. Kf3 Kg6 35. Rc8 Kf6 36. Kg4 Kg6 37. Rc6+ Kf7 38. Kxg5 Rxf2 39. g4 Rh2 40. h4 Re2 41. c4 Re5+ 42. Kf4 Re1 43. c5 Rc1 44. Rc8 Kf6 45. c6 Rc4+ 46. Kg3 Rc3+ 47. Kf2 Rc2+ 48. Ke3 Rc3+ 49. Kd4 Rc1 50. c7 Kf7 51. Ke4 Re1+ 52. Kf4 Rf1+ 53. Kg5 Rc1 54. Kh5 Rc4 55. Kg5 Rc5+ 56. Kf4 Rc4+ 57. Ke5 Rc5+ 58. Kd6 Rc1 59. Rh8 Rd1+ 60. Ke5 Re1+ 61. Kf4 Rf1+ 62. Kg3 Rg1+ 63. Kf2 1-0


[Site "https://www.chess.com"]

[Event "Titled Tuesday Blitz July 18 Late 2023"]
[White "Michalczak, Thomas"]
[Black "Schut, Han"]
[WhiteFideId "4622634"]
[BlackFideId "1005561"]
[WhiteElo "2462"]
[BlackElo "2268"]
[Result "1/2-1/2"]
[Round "3"]
[TimeControl "180+2"]
[Date "2023.07.18"]
[WhiteClock "0:00:37"]
[BlackClock "0:00:15"]
[Board "148"]

1. e4 c5 2. c3 g6 3. d4 cxd4 4. cxd4 d5 5. e5 Nc6 6. Nc3 Nh6 7. h3 f6 8. f4 Bg7 9. Nf3 O-O 10. g4 Nf7 11. Bg2 fxe5 12. fxe5 e6 13. O-O Qb6 14. Na4 Qd8 15. Be3 b6 16. Qd2 Bd7 17. Nc3 Rc8 18. Rf2 Na5 19. b3 Qe7 20. h4 Qb4 21. Rc1 Rc7 22. Nxd5 Rxc1+ 23. Qxc1 exd5 24. Qc7 Bxg4 25. Qxa7 Bxf3 26. Rxf3 Qe1+ 27. Bf1 Qxh4 28. Qxb6 Ng5 29. Rxf8+ Bxf8 30. Bxg5 Qxg5+ 31. Bg2 Qc1+ 32. Kh2 Qh6+ 33. Kg1 Qc1+ 34. Kh2 Qh6+ 35. Kg1 Qc1+ 1/2-1/2


[Site "https://www.chess.com"]

[Event "Titled Tuesday Blitz July 18 Late 2023"]
[White "Izuzquiza Gonzalez, Javier"]
[Black "Garcia Almaguer, Juan Manuel"]
[WhiteFideId "3101029"]
[BlackFideId "5110491"]
[WhiteElo "2257"]
[BlackElo "2450"]
[Result "0-1"]
[Round "3"]
[TimeControl "180+2"]
[Date "2023.07.18"]
[WhiteClock "0:00:08"]
[BlackClock "0:00:14"]
[Board "149"]

1. d4 Nf6 2. c4 c5 3. d5 e6 4. Nc3 exd5 5. cxd5 d6 6. Nf3 g6 7. g3 Bg7 8. Bg2 O-O 9. O-O Re8 10. Nd2 Na6 11. a4 Nb4 12. Nc4 Nh5 13. Re1 b6 14. e4 Ba6 15. Nb5 Bxb5 16. axb5 Qd7 17. Bf3 Nf6 18. Bf4 Bf8 19. e5 Qxb5 20. Nxd6 Bxd6 21. exd6 Rxe1+ 22. Qxe1 Nc2 23. Qe5 Nd7 24. Qe7 Nxa1 25. Bg4 Qxb2 26. Bxd7 Nb3 27. Be5 Qc1+ 28. Kg2 Nd2 29. Kh3 Qf1+ 30. Kh4 Nf3+ 31. Kg4 Qe2 32. Bf6 h5+ 33. Kf4 Qxf2 34. Be8 Nxh2+ 35. Kg5 Qf5+ 36. Kh4 Qg4# 0-1


[Site "https://www.chess.com"]

[Event "Titled Tuesday Blitz July 18 Late 2023"]
[White "Ai, Evan"]
[Black "UgarteCesar"]
[WhiteFideId "2094770"]
[WhiteElo "2432"]
[BlackElo "2231"]
[Result "0-1"]
[Round "3"]
[TimeControl "180+2"]
[Date "2023.07.18"]
[WhiteClock "0:00:00"]
[BlackClock "0:00:15"]
[Board "150"]

1. d4 d5 2. c4 e6 3. Nf3 h6 4. g3 Nf6 5. Bg2 Nbd7 6. Nc3 Bb4 7. Qb3 c5 8. a3 dxc4 9. Qxc4 Nb6 10. Qb3 Bxc3+ 11. bxc3 cxd4 12. cxd4 O-O 13. O-O Bd7 14. Bf4 Ba4 15. Qa2 Rc8 16. Rac1 Qd5 17. Qxd5 Nfxd5 18. Bd6 Rfd8 19. Bc5 Bb5 20. Rfe1 Nc4 21. e4 Nf6 22. Bf1 b6 23. Be7 Rd7 24. Bxf6 gxf6 25. d5 Rdc7 26. dxe6 fxe6 27. Nd4 Bd7 28. Rc3 Ne5 29. Rxc7 Rxc7 30. f4 Nc6 31. Nb5 Rb7 32. Nd6 Rb8 33. Bb5 Rd8 34. Rc1 Nd4 35. Bxd7 Rxd7 36. Rc8+ Kh7 37. Ne8 Kg6 38. e5 fxe5 39. fxe5 Nf3+ 40. Kf2 Nxe5 41. Nc7 Rd2+ 42. Ke3 Rc2 43. Ke4 Ng4 44. Rg8+ Kh7 45. Rxg4 Rxc7 46. Ke5 Rc3 47. a4 Rc2 48. Kxe6 Rxh2 49. Kd6 Rc2 50. Ke6 h5 51. Rg5 Kh6 52. Rg8 Rc4 53. Ra8 Rxa4 54. Kf6 h4 0-1


[Site "https://www.chess.com"]